Map: Triton LE

Players

MaSa - Winner!

  • Race: Terran Terran
  • Spawn Location: 11:00

Astrea

  • Race: Protoss Protoss
  • League: Grandmaster
  • Spawn Location: 5:00

Event: Cheeseadelphia XI, Cheeseadelphia XI

VOD

Have the link to the VOD?

Description

Time

  • Played on: Dec. 14, 2019, 5:48 p.m.
  • Length: 8:20

All games in this series

Show
View Real Time Build Order
Export as new Build Order

MaSa Terran - Winner!

Build Orders:  

Get SALT Encoding   

  12  0:00  SCV  
  13  0:12  SCV  
  14  0:17  Supply Depot  
  14  0:24  SCV  
  15  0:38  SCV  
  15  0:40  Barracks  
  16  0:46  Refinery  
  16  0:50  SCV  
  17  1:03  Engineering Bay, SCV  
  18  1:11  Supply Depot  
  18  1:15  SCV  
  19  1:22  Refinery  
  19  1:28  Marine  
  20  1:36  Orbital Command  
  20  1:47  Factory  
  20  1:49  Marine  
  21  2:01  SCV  
  21  2:07  Marine  
  23  2:12  Barracks  
  23  2:16  SCV  
  25  2:30  Factory Tech Lab  
  25  2:32  Starport  
  25  2:36  Barracks Reactor, SCV  
  25  2:49  Siege Tank  
  28  2:55  Supply Depot  
  28  3:00  Marine  
  29  3:06  SCV  
  30  3:13  Marine  
  30  3:16  Supply Depot, Medivac  
  30  3:17  Marine  
  34  3:22  Marine  
  35  3:30  Siege Tank  
  38  3:40  Marine x3  
  40  3:46  Medivac  
  40  3:53  Supply Depot  
  40  3:58  Marine x3  
  43  4:10  Liberator  
  43  4:16  Marine x3  
  49  4:33  Marine x2  
  49  4:34  Marine  
  52  4:38  Siege Tank  
  55  4:51  Marine x2  
  55  5:17  Marine  
  55  5:20  Marine  
  55  5:21  Marine  
  55  5:28  Siege Tank  
  55  5:35  Marine  
  55  5:42  Marine  
  55  5:43  Marine  
  55  5:49  Bunker  
  53  5:53  Marine  
  54  5:59  Marine  
  54  6:01  Marine  
  54  6:05  SCV  
  54  6:10  Supply Depot  
  55  6:32  SCV, Siege Tank, Marine  
  60  6:33  Medivac  
  60  6:38  Marine  
  60  6:39  Barracks Tech Lab  
  62  6:40  Supply Depot  
  62  6:49  SCV  
  63  6:57  Supply Depot  
  63  7:01  Marine  
  63  7:04  Siege Tank  
  63  7:06  Marine x2  
  69  7:11  Supply Depot  
  69  7:19  Marine  
  70  7:24  SCV, Marine x2  
  72  7:37  Marine  
  72  7:42  Marine x2  
  74  7:55  Marine  
  74  7:57  SCV  
  74  8:00  Marine x2  
  79  8:07  Supply Depot  
Show
View Real Time Build Order
Export as new Build Order

Astrea Protoss 

Build Orders: 1 Gate Expand 

Get SALT Encoding   

  12  0:01  Probe  
  13  0:13  Probe  
  14  0:18  Pylon  
  14  0:25  Probe (Chrono Boost)  
  15  0:37  Probe (Chrono Boost)  
  15  0:39  Gateway  
  16  0:44  Probe (Chrono Boost)  
  16  0:46  Assimilator  
  17  0:52  Probe  
  18  1:04  Probe  
  19  1:16  Probe  
  20  1:28  Probe  
  20  1:32  Nexus  
  21  1:41  Cybernetics Core  
  21  1:43  Assimilator  
  21  1:44  Probe  
  22  1:51  Pylon  
  22  1:56  Probe  
  23  2:08  Probe  
  23  2:14  Stalker (Chrono Boost)  
  24  2:16  Probe  
  24  2:17  Warp Gate  
  27  2:24  Probe  
  27  2:35  Probe  
  27  2:36  Robotics Facility  
  28  2:38  Stalker (Chrono Boost)  
  30  2:45  Probe  
  30  2:47  Probe  
  32  2:57  Probe  
  33  2:59  Probe  
  33  3:00  Stalker (Chrono Boost)  
  36  3:09  Probe  
  36  3:11  Probe  
  38  3:21  Probe  
  38  3:23  Probe  
  40  3:27  Pylon  
  40  3:33  Probe  
  41  3:35  Probe  
  42  3:45  Observer (Chrono Boost), Probe  
  42  3:48  Probe  
  45  3:53  Nexus  
  45  3:57  Probe  
  45  4:00  Probe  
  47  4:08  Warp Prism (Chrono Boost)  
  47  4:09  Probe  
  50  4:10  Stalker  
  50  4:12  Probe  
  49  4:22  Probe  
  49  4:24  Probe  
  49  4:27  Pylon  
  49  4:34  Probe, Gateway  
  49  4:35  Stalker  
  49  4:36  Probe  
  53  4:42  Immortal (Chrono Boost)  
  54  5:05  Stalker  
  56  5:13  Gateway  
  53  5:15  Immortal (Chrono Boost)  
  53  5:19  Gateway  
  57  5:28  Pylon  
  57  5:34  Stalker  
  49  6:00  Stalker x2  
  53  6:10  Robotics Facility  
  53  6:12  Gateway, Cybernetics Core  
  45  6:32  Stalker  
  38  6:47  Probe  
  38  6:48  Probe  
  39  7:03  Stalker  
  39  7:05  Probe, Assimilator  
  39  7:06  Assimilator  
  39  7:07  Stalker  
  45  7:14  Twilight Council  
  44  7:19  Pylon  
  44  7:20  Pylon  
  44  7:21  Pylon  
  44  7:29  Pylon  
  42  7:39  Stalker  
  42  7:40  Stalker  
  34  8:03  Dark Shrine  
  34  8:04  Zealot  
  31  8:06  Zealot  
Tags
 
Add a new tag
Caveats
  • Supply blocks, unpowered buildings, or Contaminate may cause inaccurate times.
  • Supply counts are checked every 10 seconds.